 Dungeon Crawl Stone Soup version 0.27.0-1-g7a089689b8 (webtiles) character file.

Game seed: 6926065432102294891

3841 horus123 the Carver (level 9, -6/69 HPs)
             Began as a Demonspawn Gladiator on Aug 11, 2021.
             Was a Follower of Wu Jian.
             Mangled by an unseen horror (9 damage)
             ... on level 7 of the Dungeon.
             The game lasted 00:29:16 (7731 turns).

horus123 the Carver (Demonspawn Gladiator)          Turns: 7731, Time: 00:29:17

Health: -6/69      AC:  6    Str: 16    XL:     9   Next: 98%
Magic:  9/9        EV: 26    Int:  9    God:    Wu Jian [*.....]
Gold:   336        SH:  0    Dex: 17    Spells: 7/8 levels left

rFire    . . .     SeeInvis .   a - +1 long sword
rCold    + . .     Faith    .   (no shield)
rNeg     . . .     Spirit   .   x - +2 robe {rC+}
rPois    .         Reflect  .   c - +1 helmet
rElec    .         Harm     .   q - scarf {repulsion}
rCorr    .         Rampage  .   (no gloves)
Will     .....                  (no boots)
Stlth    +++.......             b - amulet of the acrobat
HPRegen  0.21/turn              k - +4 ring of evasion
MPRegen  0.22/turn              p - +4 ring of evasion

@: repel missiles
A: talons 2, repulsion field 2, magic regeneration
a: Renounce Religion


You were on level 7 of the Dungeon.
You worshipped Wu Jian.
Wu Jian was aware of your devotion.
You visited 2 branches of the dungeon, and saw 8 of its levels.

You collected 336 gold pieces.

Inventory:

Hand Weapons
 a - a +1 long sword (weapon)
Missiles
 n - a throwing net
 o - 7 boomerangs (quivered)
Armour
 c - a +1 helmet (worn)
 d - a +0 plate armour
 q - a scarf of repulsion (worn)
 x - a +2 robe of cold resistance (worn)
Jewellery
 b - an amulet of the acrobat (around neck)
 g - a ring of protection from cold
 k - a +4 ring of evasion (left hand)
 p - a +4 ring of evasion (right hand)
Wands
 e - a wand of digging (4)
 r - a wand of flame (9)
 s - a wand of mindburst (8)
Scrolls
 m - a scroll of fear
 u - 2 scrolls of teleportation {unknown}
 v - a scroll of identify
Potions
 f - 2 potions of resistance
 h - a potion of attraction {unknown}
 j - a potion of degeneration {unknown}
 l - 2 potions of might
 t - 2 potions of flight
 w - a potion of cancellation {unknown}


   Skills:
 + Level 6.0 Fighting
 + Level 9.0 Long Blades
 + Level 3.2 Throwing
 + Level 3.6 Armour
 * Level 6.7 Dodging
 + Level 3.5 Stealth
 + Level 0.1 Evocations


You had 7 spell levels left.
You knew the following spells:

 Your Spells              Type           Power      Damage    Failure   Level
a - Shock                 Conj/Air       0%         1d3       38%         1

Your spell library contained the following spells:

 Spells                   Type           Power      Damage    Failure   Level
 Swiftness                Air            0%         N/A       77%         3
 Airstrike                Air            0%         N/A       99%         4
 Malign Gateway           Summ/Tloc      0%         N/A       100%        7
 Summon Horrible Things   Summ           0%         N/A       100%        8


Dungeon Overview and Level Annotations

Branches:
Dungeon (7/15)             Temple (1/1) D:7

Altars:
Ashenzari
Cheibriados
Dithmenos
Elyvilon
Fedhas
Gozag
Hepliaklqana
Kikubaaqudgha
Makhleb
Okawaru
Qazlal
Ru
Sif Muna
Trog
Uskayaw
Vehumet
Wu Jian
Xom
Yredelemnul
Zin
The Shining One

Shops:
D:1 =


Innate Abilities, Weirdness & Mutations

You have razor-sharp toenails.
You are surrounded by a moderate repulsion field. (EV +3)
You regenerate magic rapidly.


Message History

Something completely misses you. Something completely misses you.
Something misses you. Something completely misses you.
The bullfrog swells and bulges.
Something closely misses you. Something completely misses you.
Something completely misses you. Something hits you but does no damage.
The deep elf pyromancer mumbles some strange words.
Something misses you.
The bullfrog swells and bulges.
Something completely misses you. Something completely misses you.
You see here a +0 club.
Something completely misses you. The bullfrog misses you.
You slash the bullfrog! Your kick misses the bullfrog.
The bullfrog is heavily wounded.
Something completely misses you. The bullfrog misses you.
You riposte.
You barely miss the bullfrog.
The bullfrog is heavily wounded.
You slash the bullfrog!
You kill the bullfrog!
The Council accepts your kill. Something hits you.
* * * LOW HITPOINT WARNING * * *
Something completely misses you.
Your Fighting skill increases to level 6!
Something completely misses you. Something completely misses you.
Something hits you!
* * * LOW HITPOINT WARNING * * *
Something closely misses you.
Things that are here:
a +0 leather armour; a +4 short sword Something hits you!
* * * LOW HITPOINT WARNING * * *
You feel better. Something hits you!
* * * LOW HITPOINT WARNING * * *
Something hits you!
You die...

...#.##......##...#..).###..####.
.....##......##..###))...#####.)#
...#.####....##..#.....##.##..###
.....# #....##......#####.)###
.#.#.# #....##....####..###..#
.....# ##..#####....####..#
##.### #.### ##☼°.##☼8####. .#
#.#####...###u..8### ##.@{EuE°##
#8....8# ######☼..# #E.≈....
##...##8..8≈.. ##...#.eE....
#..#8H...8# ###...8###
#H####.8### #C.)..### #e#####


You could see a cyan ugly thing and 2 fire elementals.

Vanquished Creatures
  Pikel (D:5)
  Grinder (D:5)
  Sigmund (D:5)
  A wraith (D:7)
  A basilisk (D:7)
  A vampire mosquito (D:7)
  3 water moccasins
  An ice beast (D:7)
  A sky beast (D:7)
  A black bear (D:7)
  An ogre (D:6)
  2 necrophages
  2 centaurs
  Blork the orc (D:5)
  A lemure (D:5)
  A phantom (D:4)
  A kobold brigand (D:7)
  5 bullfrogs
  4 scorpions
  A killer bee (D:7)
  2 wights (D:7)
  A centaur zombie (D:6)
  3 hounds
  3 jellies
  5 orc priests
  A gnoll shaman (D:7)
  A centaur skeleton (D:4)
  An iguana (D:6)
  3 killer bee zombies (D:7)
  2 howler monkey zombies (D:7)
  4 gnolls (D:6)
  10 adders
  A howler monkey skeleton (D:7)
  3 shadow imps
  A white imp (D:6)
  2 ufetubi (D:6)
  A worm (D:4)
  13 orcs
  5 ball pythons
  5 endoplasms
  2 giant cockroaches (D:1)
  3 goblins
  4 hobgoblins
  6 jackals (D:5)
  14 kobolds
  A quokka (D:1)
  7 bats
  4 frilled lizards
  4 rats
143 creatures vanquished.

Notes
Turn   | Place    | Note
-------+----------+-------------------------------------------
     0 | D:1      | horus123 the Demonspawn Gladiator began the quest for the
                  | Orb.
     0 | D:1      | Reached XP level 1. HP: 16/16 MP: 1/1
   129 | D:1      | Found a faded altar of an unknown god.
   246 | D:1      | Gained mutation: You are surrounded by a mild repulsion
                  | field. (EV +2) [demonic ancestry]
   246 | D:1      | Reached XP level 2. HP: 22/22 MP: 2/2
   745 | D:1      | Found Daxken's Jewellery Boutique.
   808 | D:2      | Reached skill level 3 in Long Blades
   830 | D:2      | Gained mutation: You are surrounded by a moderate repulsion
                  | field. (EV +3) [demonic ancestry]
   830 | D:2      | Reached XP level 3. HP: 27/27 MP: 3/3
  1958 | D:3      | Gained mutation: You regenerate magic rapidly. [demonic
                  | ancestry]
  1958 | D:3      | Reached XP level 4. HP: 34/34 MP: 4/4
  2217 | D:3      | Found a shimmering altar of Xom.
  2258 | D:3      | Found a blossoming altar of Fedhas.
  2438 | D:4      | Reached skill level 4 in Long Blades
  2438 | D:4      | Reached skill level 1 in Armour
  2438 | D:4      | Reached XP level 5. HP: 38/39 MP: 5/5
  2443 | D:4      | Identified a scroll of acquirement
  2443 | D:4      | Acquired an amulet of the acrobat
  2509 | D:4      | Noticed a water moccasin
  2522 | D:4      | Noticed a phantom
  2580 | D:4      | Killed a water moccasin
  2581 | D:4      | Gained mutation: You have sharp toenails. [demonic
                  | ancestry]
  2581 | D:4      | Reached XP level 6. HP: 6/46 MP: 6/6
  3044 | D:4      | Reached skill level 5 in Long Blades
  3497 | D:4      | Reached XP level 7. HP: 51/53 MP: 7/7
  3744 | D:5      | Entered Level 5 of the Dungeon
  3858 | D:5      | Acquired a +4 ring of evasion
  3934 | D:5      | Noticed Grinder
  3958 | D:5      | Paralysed by Grinder for 2 turns
  3978 | D:5      | Killed Grinder
  3979 | D:5      | Reached skill level 1 in Stealth
  4264 | D:5      | Noticed Sigmund
  4272 | D:5      | Reached skill level 5 in Dodging
  4310 | D:5      | Killed Sigmund
  4311 | D:5      | Gained mutation: You have razor-sharp toenails. [demonic
                  | ancestry]
  4311 | D:5      | Reached XP level 8. HP: 41/60 MP: 8/8
  4492 | D:5      | Reached skill level 6 in Long Blades
  4564 | D:5      | Noticed Blork the orc
  4584 | D:5      | Killed Blork the orc
  4805 | D:5      | Noticed Pikel
  4834 | D:5      | Killed Pikel
  4835 | D:5      | Reached skill level 7 in Long Blades
  5956 | D:6      | Reached skill level 5 in Fighting
  5968 | D:6      | Reached XP level 9. HP: 68/68 MP: 9/9
  6317 | D:6      | Found a stormy altar of Qazlal.
  6317 | D:6      | Found a basalt altar of Yredelemnul.
  6650 | D:6      | Found a shimmering blue altar of Sif Muna.
  6779 | D:7      | Found a staircase to the Ecumenical Temple.
  6788 | Temple   | Entered the Ecumenical Temple
  6868 | Temple   | Became a worshipper of the Wu Jian Council
  7040 | D:7      | Reached skill level 8 in Long Blades
  7249 | D:7      | Learned a level 1 spell: Shock
  7347 | D:7      | Reached * piety under Wu Jian
  7659 | D:7      | Noticed a cyclops
  7687 | D:7      | Reached skill level 9 in Long Blades
  7692 | D:7      | Noticed a cyan ugly thing
  7698 | D:7      | Noticed a manticore
  7700 | D:7      | Identified the ring of Xom's Full Attention {Fire rCorr
                  | SInv}
  7700 | D:7      | Noticed a deep elf pyromancer
  7731 | D:7      | HP: 3/69 [something (9)]
  7731 | D:7      | Mangled by an unseen horror

Illustrated notes

Levels and vault maps discovered:
D:1:      saegor_arrival_simple_e, layout_basic, serial_shops,
          nicolae_shop_behind_doors, chequers_ecumenical_altar_simple_redux,
          minmay_misc_feat_rows
D:2:      layout_basic, eino_tiny_chamber, nicolae_underground_beach
D:3:      layout_basic, mainiacjoe_overflow_catch_the_wave
D:4:      layout_gridville
D:5:      layout_loops_ring, uniq_grinder, uniq_crazy_yiuf_cottage,
          uniq_blork_the_orc, uniq_pikel, uniq_sigmund
D:6:      layout_basic, jmf_multi_god_temple, lemuel_blue_sif_altar,
          lemuel_old_faithful
D:7:      minmay_the_grid_triangle_9x9_rhombus_full
          [minmay_the_grid_triangle_9x9_empty,
          minmay_the_grid_triangle_9x9_pentomino_pain,
          minmay_the_grid_triangle_9x9_alien,
          minmay_the_grid_triangle_9x9_swiss_cheese,
          minmay_the_grid_triangle_9x9_thin_v,
          minmay_the_grid_triangle_9x9_shrine,
          minmay_the_grid_triangle_9x9_sprig,
          minmay_the_grid_triangle_9x9_prize_special], layout_rooms,
          kennysheep_mini_moat, minmay_temple_entry_glass, serial_shops, shop,
          biasface_ghost_orc_armoury, hangedman_glass_teeth,
          minmay_crystal_water, amcnicky_mini_pool_medium
Temple:   regret_index_temple_sphere_string

Skill      XL: |  1  2  3  4  5  6  7  8  9 |
---------------+----------------------------+-----
Dodging        | 3 4 5 6 |  6.7
Long Blades    | 3 4 5 7 9 |  9.0
Armour         | 1 2 3 |  3.6
Fighting       | 3 4 5 6 |  6.0
Stealth        | 1 2 3 |  3.5
Throwing       | 3 |  3.2
Evocations     | |  0.1

Action                   |  1- 3 |  4- 6 |  7- 9 || total
-------------------------+-------+-------+-------++-------
Melee: Long sword        |   126 |    64 |   311 ||   501
       Kick              |       |    16 |   121 ||   137
Throw: Throwing net      |     1 |     2 |       ||     3
       Boomerang         |       |       |    24 ||    24
Invok: Whirlwind         |       |       |     9 ||     9
       Lunge             |       |       |     5 ||     5
Evoke: Wand              |       |       |     4 ||     4
  Use: Scroll            |     4 |     6 |     5 ||    15
       Potion            |       |     1 |     8 ||     9
 Stab: Sleeping          |       |     1 |     2 ||     3
Armor: Leather armour    |    37 |    10 |    16 ||    63
       Ring mail         |       |    10 |       ||    10
       Robe              |       |       |     7 ||     7
Dodge: Dodged            |   107 |   132 |   321 ||   560
       Repelled          |       |       |     1 ||     1
       Rpst.: Long sword |    40 |    47 |    87 ||   174
